Map: Triton LE

Players

BerryRAWR - Winner!

  • Race: Terran Terran
  • League: Grandmaster
  • Spawn Location: 11:00

ViBE

  • Race: Zerg Zerg
  • League: Grandmaster
  • Spawn Location: 5:00

VOD

Have the link to the VOD?

Description

Time

  • Played on: Feb. 29, 2020, 12:38 a.m.
  • Length: 11:19
Show
View Real Time Build Order
Export as new Build Order

BerryRAWR Terran - Winner!

Build Orders: Gas First Reaper Expand, Liberator Opening 

Get SALT Encoding   

  12  0:00  SCV  
  13  0:13  SCV  
  14  0:18  Supply Depot  
  14  0:25  SCV  
  15  0:29  Refinery  
  15  0:40  SCV  
  16  0:44  Barracks  
  16  0:52  SCV  
  17  1:04  SCV  
  18  1:16  SCV  
  19  1:31  Reaper, Orbital Command  
  20  1:42  Command Center  
  20  1:53  Factory  
  20  1:57  SCV  
  21  2:08  Barracks Reactor  
  21  2:09  SCV  
  21  2:14  Supply Depot  
  21  2:15  Refinery  
  22  2:21  SCV  
  23  2:35  SCV  
  24  2:43  Starport  
  24  2:47  SCV  
  25  2:52  Hellion x2  
  25  2:55  Marine  
  25  2:56  Orbital Command  
  30  3:10  SCV  
  31  3:14  Hellion x2  
  31  3:18  Supply Depot  
  35  3:25  SCV, Liberator  
  35  3:26  SCV  
  40  3:35  Supply Depot  
  40  3:38  SCV x2  
  42  3:45  Hellion  
  46  3:48  Hellion  
  46  3:50  SCV  
  46  3:51  SCV  
  48  4:02  SCV  
  49  4:03  SCV  
  49  4:08  Hellion  
  54  4:10  Hellion, Liberator  
  54  4:11  Armory  
  54  4:14  SCV  
  54  4:15  SCV  
  59  4:25  Supply Depot  
  59  4:26  SCV  
  59  4:27  SCV  
  59  4:28  Barracks Tech Lab  
  61  4:37  Command Center  
  61  4:38  SCV  
  62  4:44  Factory Tech Lab  
  62  4:46  SCV  
  62  4:47  Supply Depot  
  62  4:49  Stimpack, Marine  
  64  4:53  Barracks  
  64  4:57  SCV  
  65  5:03  SCV  
  66  5:07  Marine  
  66  5:09  SCV  
  65  5:15  SCV, Starport Reactor  
  66  5:21  SCV  
  66  5:25  Marine  
  66  5:28  SCV  
  69  5:33  SCV, Hellion  
  71  5:40  SCV  
  72  5:43  Marine  
  72  5:45  SCV  
  72  5:48  Marine x2  
  76  5:52  SCV, Orbital Command  
  75  5:57  SCV  
  75  6:01  Marine  
  73  6:04  SCV  
  73  6:06  Siege Tank  
  73  6:09  SCV  
  76  6:13  Marine  
  76  6:14  Engineering Bay  
  76  6:15  Engineering Bay, Barracks x2  
  76  6:16  SCV  
  74  6:19  SCV  
  74  6:20  Refinery, Marine  
  74  6:21  Refinery, Marine  
  74  6:22  SCV  
  70  6:26  Medivac x2  
  70  6:28  SCV  
  70  6:29  Terran Vehicle Weapons Level 1  
  70  6:30  Barracks  
  75  6:34  Orbital Command  
  75  6:39  Marine x2  
  75  6:40  Marine  
  75  6:42  Supply Depot x2, Terran Infantry Weapons Level 1, Terran Infantry Armor Level 1  
  78  6:51  Combat Shield  
  78  6:57  Marine x3  
  81  7:06  Barracks Reactor x2  
  81  7:07  Siege Tank  
  84  7:08  SCV  
  84  7:09  SCV x2  
  84  7:15  Marine x3  
  88  7:17  Medivac, Bunker  
  88  7:19  Supply Depot  
  88  7:21  SCV x2  
  88  7:22  SCV  
  95  7:23  Refinery  
  95  7:26  Barracks Reactor  
  95  7:29  Command Center  
  95  7:33  Marine x3  
  98  7:45  Marine x3  
  98  7:46  SCV, Marine  
  98  7:47  SCV x2  
  98  7:51  Marauder, Marine x2, Siege Tank  
  110  7:52  Medivac  
  114  7:59  SCV x2  
  114  8:01  Barracks x2  
  114  8:03  Marine, Barracks  
  117  8:12  Supply Depot x2  
  117  8:14  SCV x2, Supply Depot, Marauder, Marine x5  
  116  8:22  Marine  
  117  8:31  Terran Vehicle Weapons Level 2  
  117  8:33  Medivac x2, Marine x4  
  117  8:34  Siege Tank  
  128  8:36  Supply Depot, Marauder, Marine x2  
  128  8:37  Marine  
  128  8:38  Refinery  
  133  8:44  Supply Depot  
  133  8:45  Supply Depot  
  130  8:49  Marine x3  
  130  8:51  Marine  
  130  8:55  Supply Depot, Terran Infantry Weapons Level 2  
  134  8:57  Supply Depot  
  134  8:58  Marine  
  134  8:59  Marine x3  
  138  9:06  Siege Tank  
  138  9:09  Marine x3  
  142  9:10  Barracks Reactor, Marine  
  142  9:11  Barracks Tech Lab x2  
  141  9:27  Marauder, Marine x2  
  141  9:29  Command Center  
  141  9:30  Marine  
  146  9:35  Marine  
  146  9:36  Marine x3  
  146  9:38  Siege Tank  
  153  9:42  Medivac x2  
  153  9:44  Marine x4  
  153  9:45  Marine  
  161  9:48  Marine  
  162  9:55  Marine x7  
  169  10:02  Marauder  
  169  10:04  Marauder  
  169  10:05  Planetary Fortress  
  169  10:06  SCV  
  169  10:07  SCV  
  173  10:10  Siege Tank  
  173  10:12  Marauder, Marine x2  
  180  10:16  Medivac  
  180  10:18  Marine  
  183  10:23  Marauder, Marine x2  
  183  10:25  Marauder  
  187  10:30  Marine  
  188  10:39  Marauder, Marine x3  
  188  10:40  Medivac  
  188  10:42  Siege Tank  
  193  10:45  Marauder  
  193  10:47  Marine  
  193  10:48  Marauder  
  193  10:53  Supply Depot  
  193  10:54  Marine x2  
Show
View Real Time Build Order
Export as new Build Order

ViBE Zerg 

Build Orders: Hatch First 

Get SALT Encoding   

  12  0:00  Drone  
  13  0:12  Overlord  
  13  0:16  Drone  
  14  0:31  Drone x2  
  14  0:35  Drone  
  17  0:51  Hatchery  
  17  0:54  Drone  
  17  0:57  Drone  
  18  1:11  Spawning Pool  
  18  1:14  Drone  
  18  1:17  Extractor  
  17  1:18  Drone  
  18  1:28  Drone  
  19  1:41  Drone  
  20  1:56  Overlord  
  20  2:04  Zergling x4, Queen x2  
  26  2:21  Hatchery  
  25  2:24  Metabolic Boost  
  25  2:25  Drone  
  25  2:29  Drone  
  27  2:31  Drone  
  27  2:34  Drone  
  29  2:37  Drone  
  30  2:45  Queen  
  32  2:53  Overlord  
  32  2:57  Drone x3  
  35  3:03  Drone  
  36  3:11  Overlord  
  36  3:18  Drone x4  
  40  3:24  Drone x2  
  40  3:25  Queen  
  44  3:30  Overlord  
  44  3:38  Drone x2  
  44  3:41  Drone  
  47  3:52  Zergling x12  
  53  4:01  Extractor  
  53  4:02  Extractor  
  52  4:04  Drone x5  
  57  4:10  Lair  
  57  4:11  Drone  
  57  4:14  Overlord  
  58  4:31  Queen x2, Drone, Baneling Nest  
  58  4:32  Overlord x2  
  58  4:34  Zergling x6  
  58  4:35  Drone  
  66  4:56  Drone  
  66  4:57  Drone x12  
  70  5:17  Queen x2  
  70  5:18  Queen  
  76  5:23  Spine Crawler  
  76  5:25  Spine Crawler  
  63  5:36  Hatchery  
  63  5:40  Drone x7  
  62  5:53  Queen x2  
  62  5:57  Queen  
  62  6:03  Drone x5  
  62  6:04  Drone  
  61  6:17  Drone x3  
  55  6:27  Drone x3  
  55  6:29  Queen  
  60  6:35  Centrifical Hooks  
  60  6:36  Drone  
  60  6:37  Queen, Drone x6  
  69  6:40  Queen  
  71  6:47  Extractor  
  71  6:48  Zergling x2  
  71  6:49  Zergling x6  
  71  6:53  Extractor  
  73  7:00  Overlord  
  73  7:11  Zergling x2  
  73  7:12  Zergling x10  
  79  7:16  Evolution Chamber, Overseer  
  79  7:17  Evolution Chamber  
  79  7:18  Drone x9  
  86  7:27  Drone  
  86  7:28  Drone x2, Extractor  
  86  7:29  Drone  
  87  7:41  Baneling  
  87  7:42  Baneling x8  
  87  7:43  Zergling x12  
  84  7:52  Overlord  
  84  7:53  Overlord x3  
  84  8:01  Zerg Melee Weapons Level 1, Zerg Ground Armor Level 1  
  84  8:04  Hatchery  
  81  8:19  Drone  
  82  8:20  Drone x5  
  87  8:29  Zergling x6  
  91  8:34  Drone  
  91  8:39  Hatchery  
  90  8:42  Hatchery  
  90  8:47  Infestation Pit  
  88  8:51  Queen x3  
  94  9:01  Zergling x30  
  102  9:25  Drone  
  102  9:28  Hive  
  102  9:29  Drone  
  102  9:30  Zergling x14  
  102  9:31  Zergling x6  
  114  9:38  Hatchery  
  108  10:04  Zergling x34  
  125  10:22  Baneling x3  
  125  10:23  Overlord x7, Baneling x11  
  117  10:29  Baneling x9  
  117  10:30  Baneling x7  
  109  10:36  Zergling x12  
  109  10:37  Zergling x6  
  109  10:52  Zergling x2  
  109  10:53  Zergling x8  
  108  11:00  Zergling x10  
  108  11:02  Overseer  
  109  11:06  Ultralisk Cavern  
Tags
 
Add a new tag
Caveats
  • Supply blocks, unpowered buildings, or Contaminate may cause inaccurate times.
  • Supply counts are checked every 10 seconds.